AoeStats
← 88888

Arena

509845538Analyzed
4v4 RM · 3d ago on Sep 28, 2026· 41m 28s· 8 players
Game mode
Random Map
Map size
Large (8 player)
Population
200
Speed
Normal
Resources
Standard
Victory
Conquest
Starting age
Dark Age
Ending age
Imperial Age
RankedLock teamsTeams togetherTeam positionsShared explorationLock speedFull tech treeHidden civsTurbo modeCheats
Victory
Defeat
🇹🇼 Celts · Taiwan
1079
+14
🇹🇼 Persians · Taiwan
1011
+17
🇨🇳 Portuguese · China
970
+18
🇨🇳 Burgundians · China
967
+18
🇳🇱 Mongols · Netherlands
1095
-19
🇹🇷 Persians · Türkiye
1037
-17
🇵🇱 Poles · Poland
998
-16
🇦🇺 Franks · Australia
973
-15
Bailey Moore
11:28 Feudal Age
15:19 Castle Age
13:20 Double-Bit Axe
13:19 Horse Collar
16:59 Bow Saw
17:42 Wheelbarrow
17:28 Heavy Plow
22:30 Hand Cart
23:27 Stone Mining
23:27 Gold Mining
27:57 Imperial Age
25:13 Loom
25:13 Town Watch
26:45 Pikeman
28:21 Scale Mail Armor
28:10 Arson
29:01 Conscription
28:04 Elite Woad Raider
28:36 Halberdier
30:07 Chain Mail Armor
30:00 Capped Ram
31:05 Siege Ram
32:58 Plate Mail Armor
36:06 Furor Celtica
36:28 Masonry
36:29 Fortified Wall
36:17 Murder Holes
36:43 Ballistics
36:51 Forging
36:33 Fletching
38:08 Siege Engineers
39:05 Chemistry
37:51 Arrowslits
38:42 Iron Casting
38:03 Bodkin Arrow
40:30 Heavy Scorpion
40:32 Onager
11111
1:08 Loom
8:35 Double-Bit Axe
8:34 Horse Collar
10:18 Wheelbarrow
12:19 Feudal Age
13:27 Hand Cart
13:24 Bow Saw
16:18 Heavy Plow
16:43 Forging
16:34 Scale Mail Armor
22:36 Castle Age
24:44 Two-Man Saw
24:18 Crop Rotation
24:45 Stone Mining
24:48 Gold Mining
34:40 Imperial Age
33:15 Iron Casting
34:38 Chain Mail Armor
34:53 Elite Coustillier
36:53 Blast Furnace
36:24 Plate Mail Armor
L
4:10 Loom
11:48 Feudal Age
15:24 Castle Age
14:05 Double-Bit Axe
14:01 Horse Collar
25:35 Wheelbarrow
24:46 Town Watch
25:15 Bow Saw
25:23 Gold Mining
29:43 Imperial Age
27:54 Hand Cart
29:41 Ballistics
29:23 Stone Mining
30:36 Stone Shaft Mining
31:02 Conscription
30:50 Arquebus
31:18 Heavy Plow
32:21 Two-Man Saw
31:26 Town Patrol
32:31 Chemistry
32:37 Treadmill Crane
32:26 Elite Organ Gun
35:09 Bombard Tower
35:03 Fortified Wall
34:58 Siege Engineers
38:15 Murder Holes
39:02 Arson
38:38 Pikeman
39:45 Masonry
40:49 Crop Rotation
41:39 Scale Mail Armor
41:49 Forging
41:13 Halberdier
88888
11:05 Feudal Age
16:53 Castle Age
14:44 Double-Bit Axe
14:48 Horse Collar
15:55 Loom
16:47 Wheelbarrow
23:46 Stone Mining
23:49 Gold Mining
25:11 Hand Cart
27:00 Bow Saw
26:52 Heavy Plow
27:29 Gold Shaft Mining
30:02 Imperial Age
28:29 Forging
28:24 Scale Barding Armor
28:21 Husbandry
28:32 Bloodlines
29:43 Gold Shaft Mining
29:43 Stone Shaft Mining
29:45 Iron Casting
30:50 Chain Barding Armor
30:32 Caravan
31:20 Crop Rotation
31:52 Two-Man Saw
31:18 Conscription
31:24 Elite War Elephant
33:45 Blast Furnace
33:20 Plate Barding Armor
34:48 Fletching
37:47 Bodkin Arrow
40:11 Murder Holes
40:37 Ballistics
41:17 Chemistry
40:29 Masonry
Tako
13:31 Feudal Age
17:32 Castle Age
16:22 Double-Bit Axe
16:31 Stone Mining
17:18 Forging
25:45 Scale Barding Armor
30:52 Imperial Age
29:39 Iron Casting
29:28 Chain Barding Armor
29:52 Horse Collar
30:35 Elite War Elephant
31:59 Murder Holes
33:51 Blast Furnace
33:36 Conscription
39:49 Plate Barding Armor
KingJo
10:38 Feudal Age
14:33 Castle Age
13:03 Double-Bit Axe
13:13 Stone Mining
16:33 Bow Saw
22:16 Loom
26:00 Wheelbarrow
25:57 Gold Mining
25:54 Town Watch
27:21 Hand Cart
28:53 Gold Shaft Mining
31:36 Imperial Age
29:15 Scale Barding Armor
29:28 Forging
31:27 Chain Barding Armor
31:43 Iron Casting
31:45 Cavalier
33:02 Conscription
33:35 Paladin
35:20 Plate Barding Armor
37:02 Blast Furnace
giancarlo7
10:36 Feudal Age
11:53 Wheelbarrow
11:10 Double-Bit Axe
11:27 Horse Collar
18:30 Castle Age
16:47 Stone Mining
16:55 Gold Mining
18:05 Scale Mail Armor
18:21 Forging
18:48 Scale Barding Armor
19:39 Bow Saw
23:54 Hand Cart
25:58 Heavy Plow
29:44 Imperial Age
27:30 Husbandry
29:16 Chain Barding Armor
29:51 Szlachta Privileges
30:23 Chain Mail Armor
31:59 Iron Casting
31:55 Plate Mail Armor
32:35 Conscription
32:16 Cavalier
zsole19
11:53 Feudal Age
12:52 Double-Bit Axe
12:53 Horse Collar
15:50 Castle Age
13:57 Gold Mining
14:14 Stone Mining
16:52 Wheelbarrow
17:20 Bow Saw
17:36 Heavy Plow
23:20 Hand Cart
22:54 Loom
25:00 Stone Shaft Mining
25:56 Gold Shaft Mining
25:51 Town Watch
27:40 Masonry
30:47 Imperial Age
28:51 Fletching
29:01 Padded Archer Armor
29:24 Ballistics
29:31 Forging
29:33 Bodkin Arrow
29:54 Scale Mail Armor
30:41 Leather Archer Armor
30:57 Thumb Ring
31:00 Scale Barding Armor
31:26 Fortified Wall
31:11 Murder Holes
32:03 Iron Casting
31:43 Bloodlines
31:34 Husbandry
31:23 Elite Skirmisher
33:03 Conscription
33:28 Nomads
35:53 Pikeman
36:03 Capped Ram
37:17 Squires
Connection lost

Rejoining the realm…

Still unreachable

The connection could not be restored.

Session expired

The server has moved on; the page needs a fresh start.